 Dungeon Crawl Stone Soup version 0.31-a0-1496-g79c7dd0eeb (webtiles) character file.

Game seed: 2072073997182721805

15255 bumbalina the Thaumaturge (level 11, -11/54 HPs)
             Began as a Deep Elf Fire Elementalist on Dec 29, 2023.
             Was a Priest of Vehumet.
             Mangled by a saltling (14 damage)
             ... on level 1 of the Orcish Mines.
             The game lasted 00:17:13 (15317 turns).

bumbalina the Thaumaturge (DEFE)                   Turns: 15317, Time: 00:17:13

Health: -11/54     AC:  5    Str:  5    XL:     11   Next: 99%
Magic:  22/31      EV: 20    Int: 35    God:    Vehumet [***...]
Gold:   1382       SH:  0    Dex: 17    Spells: 23/38 levels left

rFire   . . .        w - +4 morningstar "Nympial" {vamp, rPois rN+}
rCold   + . .        (no shield)
rNeg    + . .        n - +1 robe {rC+}
rPois   +            s - +0 helmet
rElec   .            f - +0 cloak
rCorr   .            (no gloves)
SInv    +            (no boots)
Will    ++...        H - amulet of magic regeneration
Stlth   ++           p - +6 ring of intelligence
HPRegen 0.29/turn    x - ring of Fawapp {Will+ Int+4 Dex+2 SInv}
MPRegen 0.62/turn

%: no passive effects
@: studying Dodging
A: no striking features
a: Renounce Religion


You were on level 1 of the Orcish Mines.
You worshipped Vehumet.
Vehumet was most pleased with you.
You visited 3 branches of the dungeon, and saw 15 of its levels.

You collected 1382 gold pieces.

Inventory:

Hand Weapons
 g - a +0 whip
 w - the +4 morningstar "Nympial" (weapon) {vamp, rPois rN+}
   (You found it on level 6 of the Dungeon)

   rPois:     It protects you from poison rN+: It protects you from negative
   energy.
Missiles
 m - a curare-tipped dart
Armour
 f - a +0 cloak (worn)
 n - a +1 robe of cold resistance (worn)
 s - a +0 helmet (worn)
Jewellery
 p - a +6 ring of intelligence (left hand)
 v - a ring of magical power
 x - the ring of Fawapp (right hand) {Will+ Int+4 Dex+2 SInv}
   (You found it on level 6 of the Dungeon)

   [ring of see invisible]

   Int+4:     It affects your intelligence (+4).
   Dex+2:     It affects your dexterity (+2).
   Will+:     It increases your willpower.
   SInv:      It lets you see invisible.
 H - an amulet of magic regeneration (around neck)
 L - a ring of fire
Talismans
 J - a maw talisman
Wands
 l - a wand of flame (42)
 B - a wand of iceblast (3)
 F - a wand of charming (3)
Scrolls
 c - 3 scrolls of amnesia
 d - a scroll of vulnerability
 h - 3 scrolls of fear
 k - 3 scrolls of fog
 r - 3 scrolls of poison
 t - 2 scrolls of enchant armour
 y - 5 scrolls of teleportation
 A - 2 scrolls of brand weapon
 C - 2 scrolls of torment {unknown}
 D - a scroll of revelation {unknown}
Potions
 a - a potion of lignification
 b - a potion of magic
 e - 2 potions of cancellation
 i - a potion of resistance
 j - 5 potions of haste {unknown}
 o - 5 potions of curing {unknown}
 q - 2 potions of heal wounds {unknown}
 u - 3 potions of invisibility {unknown}
 z - 2 potions of enlightenment {unknown}
 E - 2 potions of degeneration {unknown}
 G - a potion of attraction {unknown}
 I - a potion of ambrosia {unknown}
 K - a potion of brilliance {unknown}


   Skills:
 + Level 12.7 Dodging
 - Level 2.4 Stealth
 + Level 14.0 Spellcasting
 + Level 11.5 Conjurations
 + Level 11.9 Fire Magic


You had 23 spell levels left.
You knew the following spells:

 Your Spells              Type           Power      Damage    Failure   Level
a - Foxfire               Conj/Fire      100%       2x1d9     0%          1
b - Scorch                Fire           100%       2d9       0%          2
c - Flame Wave            Conj/Fire      82%        2d18      1%          4
d - Fulminant Prism       Conj/Alch      29%        3d13      1%          4
e - Iskenderun's Mystic   Conj/Tloc      59%        2d12      1%          4

Your spell library contained the following spells:

 Spells                   Type           Power      Damage    Failure   Level
 Olgreb's Toxic Radiance  Alch           24%        N/A       4%          4
 Magic Dart               Conj           100%       1d8       0%          1
 Searing Ray              Conj           100%       2d8       0%          2
 Inner Flame              Hex/Fire       60%        N/A       1%          3
 Volatile Blastmotes      Fire/Tloc      100%       2d18      1%          3
 Arcjolt                  Conj/Air       29%        1d39      1%          5
 Lesser Beckoning         Tloc           48%        N/A       2%          2
 Gell's Gravitas          Tloc           24%        N/A       4%          3
 Teleport Other           Tloc           24%        N/A       4%          3
 Vhi's Electric Charge    Tloc/Air       48%        N/A       16%         4
 Alistair's Intoxication  Alch           16%        N/A       41%         5
 Borgnjor's Vile Clutch   Necr/Erth      12%        N/A       41%         5
 Eringya's Noxious Bog    Alch           12%        4d6       50%         6
 Maxwell's Capacitive Co  Air            12%        ∞         100%        8


Dungeon Overview and Level Annotations

Branches:
Dungeon (12/15)            Temple (1/1) D:7            Lair (0/5) D:9
    Orc (2/2) D:12            Elf (0/3) Orc:2

Altars:
Ashenzari
Cheibriados
Dithmenos
Elyvilon
Fedhas
Gozag
Hepliaklqana
Kikubaaqudgha
Makhleb
Nemelex Xobeh
Okawaru
Qazlal
Ru
Sif Muna
Trog
Uskayaw
Vehumet
Wu Jian
Xom
Yredelemnul
Zin
The Shining One


Message History

You conjure some foxfire!
The foxfire hits the saltling but does no damage.
The saltling barely misses you.
Unknown command.
You conjure some foxfire!
The foxfire hits the saltling but does no damage.
The orc knight roars a battlecry!
The orc warrior goes into a battle-frenzy!
An orc comes into view. It is wielding a +0 club.
The saltling closely misses you.
Unknown command.
You conjure some foxfire!
The orc shouts!
You hear a shout!
The foxfire hits the saltling but does no damage.
The saltling hits you!
The foxfire hits the warg but does no damage.
Unknown command.
The saltling hits you!
You climb upwards.
There is a stone staircase leading down here.
Casting: Foxfire (safe; 0% risk of failure)
Confirm with . or Enter, or press ? or * to list all spells.
Casting: Flame Wave (safe; 1% risk of failure)
Press: ? - help, Dir - look around, f - activate A wave of flame ripples out!
The flame wave engulfs the warg!!
The warg is severely wounded.
The flame wave engulfs the saltling.
The saltling is lightly damaged. (Press . to intensify the flame waves.)
The warg completely misses you. The saltling hits you! The warg misses you.
The saltling barely misses you.
Unknown command.
A wave of flame ripples out!
The flame wave engulfs the warg.
The warg is severely wounded.
The flame wave engulfs the saltling!
The saltling is severely damaged.
The warg bites you!
* * * LOW HITPOINT WARNING * * *
The saltling hits you!
You die...

.......................#
..........#......#....##
...#.....#.............##
........#.....#.........##
...........#.#...........#
........................###
..>...............##......## ##
..>............h...........# ##.
............#..)@.......#.## #..
................9.......### ##.
..............#..........# #..
..........#..............## #..
.......#.##...............######.
........##...#.........#.###..#..
........#....#............#......
##.##....#..###.....#.....##.....
##.....##### ##.........##......


You could see a warg and a saltling.

Vanquished Creatures
  4 two-headed ogres
  An orc sorcerer (Orc:1)
  An orc knight (D:12)
  2 cyclopes (D:11)
  A manticore (D:12)
  2 elephants (D:9)
  An unseen horror (D:12)
  A kobold demonologist (D:11)
  2 komodo dragons
  3 trolls
  3 wyverns
  3 wraiths
  12 yaks
  2 wargs (Orc:1)
  2 vampire mosquitoes (D:11)
  An acid dragon (D:12)
  A water moccasin (D:5)
  An ice beast (D:7)
  2 sky beasts
  2 black bears
  8 orc warriors
  4 ogres
  5 centaurs
  A phantom (D:7)
  5 kobold brigands
  5 bullfrogs
  2 gnoll sergeants
  A scorpion (D:9)
  5 wights (D:7)
  9 killer bees
  4 howler monkeys (D:8)
  2 electric eels (D:8)
  A lava snake (D:10)
  2 bombardier beetles
  4 hounds
  3 jellies (D:7)
  9 orc priests
  A sleepcap (D:8)
  Jessica (D:2)
  Terence (D:2)
  5 iguanas
  13 orc wizards
  16 gnolls
  12 adders
  A shadow imp (D:7)
  8 ufetubi
  A worm (D:4)
  2 dart slugs (D:4)
  43 orcs
  9 bats
  10 endoplasms
  2 giant cockroaches
  15 goblins
  10 hobgoblins
  3 jackals
  6 quokkas
  6 ball pythons
  4 frilled lizards
  28 kobolds
  A rat (D:1)
315 creatures vanquished.

Vanquished Creatures (collateral kills)
  5 foxfires (D:9)
5 creatures vanquished.

Vanquished Creatures (others)
  A human (D:5)
  A butterfly (D:9)
  906 foxfires
  11 fulminant prisms
919 creatures vanquished.

Grand Total: 1239 creatures vanquished

Notes
Turn   | Place    | Note
-------+----------+-------------------------------------------
     0 | D:1      | bumbalina the Deep Elf Fire Elementalist began the quest
                  | for the Orb.
     0 | D:1      | Reached XP level 1. HP: 10/10 MP: 6/6
   336 | D:1      | Reached XP level 2. HP: 15/15 MP: 0/8
   342 | D:1      | Learned a level 2 spell: Scorch
   973 | D:1      | Found a faded altar of an unknown god.
   974 | D:1      | Noticed a shining eye
   975 | D:1      | Noticed a great orb of eyes
   976 | D:1      | Noticed a great orb of eyes
   976 | D:1      | Noticed an eye of devastation
   984 | D:1      | Reached XP level 3. HP: 19/19 MP: 3/10
  1776 | D:2      | Noticed Terence
  1816 | D:2      | Killed Terence
  1817 | D:2      | Reached skill level 4 in Spellcasting
  1909 | D:2      | Reached XP level 4. HP: 24/24 MP: 7/12
  1958 | D:2      | Found a hide-covered altar of Uskayaw.
  1972 | D:2      | Noticed Jessica
  1975 | D:2      | Killed Jessica
  2416 | D:2      | Reached XP level 5. HP: 24/28 MP: 9/14
  2703 | D:3      | Reached skill level 5 in Spellcasting
  3054 | D:3      | Found a glowing silver altar of Zin.
  3170 | D:3      | Noticed a centaur
  3173 | D:3      | Killed a centaur
  3174 | D:3      | Reached skill level 5 in Fire Magic
  3174 | D:3      | Reached XP level 6. HP: 27/32 MP: 10/16
  3757 | D:4      | Reached skill level 6 in Spellcasting
  4130 | D:4      | Found a hide-covered altar of Uskayaw.
  4275 | D:4      | Found a broken altar of Ashenzari.
  4605 | D:4      | Noticed a sky beast
  4620 | D:4      | Killed a sky beast
  4621 | D:4      | Reached XP level 7. HP: 36/36 MP: 11/19
  4890 | D:4      | Found a shimmering blue altar of Sif Muna.
  4999 | D:4      | Reached skill level 5 in Conjurations
  5412 | D:4      | Reached skill level 7 in Spellcasting
  5560 | D:5      | Entered Level 5 of the Dungeon
  5859 | D:5      | Reached XP level 8. HP: 41/41 MP: 14/21
  5974 | D:5      | Found an ancient bone altar of Kikubaaqudgha.
  6272 | D:6      | Reached skill level 8 in Spellcasting
  6833 | D:6      | Identified the +4 morningstar "Nympial" {vamp, rPois rN+}
  6840 | D:6      | Learned a level 4 spell: Flame Wave
  6852 | D:6      | Found a hazy altar of Hepliaklqana.
  7001 | D:6      | Identified the ring of Fawapp {Will+ Int+4 Dex+2 SInv}
  7271 | D:7      | Found a staircase to the Ecumenical Temple.
  7286 | D:7      | Reached skill level 9 in Spellcasting
  7298 | Temple   | Entered the Ecumenical Temple
  7389 | Temple   | Became a worshipper of Vehumet
  7632 | D:7      | Reached XP level 9. HP: 39/45 MP: 14/24
  7975 | D:7      | Noticed a komodo dragon
  7980 | D:7      | Reached skill level 10 in Spellcasting
  7985 | D:7      | Killed a komodo dragon
  8738 | D:8      | Reached * piety under Vehumet
  8738 | D:8      | Offered knowledge of Sandblast by Vehumet.
  9047 | D:9      | Found a glowing golden altar of the Shining One.
  9066 | D:9      | Found a snail-covered altar of Cheibriados.
  9090 | D:9      | Noticed an elephant
  9112 | D:9      | Killed an elephant
  9113 | D:9      | Reached skill level 5 in Dodging
  9113 | D:9      | Reached skill level 11 in Spellcasting
  9117 | D:9      | Noticed a two-headed ogre
  9124 | D:9      | Killed a two-headed ogre
  9125 | D:9      | Reached XP level 10. HP: 43/50 MP: 3/27
  9707 | D:9      | Found a staircase to the Lair.
  9711 | D:9      | Noticed an elephant
  9789 | D:9      | Noticed a two-headed ogre
  9789 | D:9      | Found a blossoming altar of Fedhas.
  9928 | D:9      | Killed a two-headed ogre
  9929 | D:9      | Reached skill level 10 in Fire Magic
 10151 | D:9      | Killed an elephant
 10291 | D:9      | Found a white marble altar of Elyvilon.
 10331 | D:9      | Found a shadowy altar of Dithmenos.
 10448 | D:9      | Reached skill level 12 in Spellcasting
 10549 | D:9      | Found a shimmering altar of Xom.
 10637 | D:10     | Entered Level 10 of the Dungeon
 10855 | D:10     | Noticed a two-headed ogre
 10861 | D:10     | Killed a two-headed ogre
 10862 | D:10     | Reached skill level 10 in Conjurations
 10968 | D:10     | Reached ** piety under Vehumet
 10972 | D:10     | Offered knowledge of Sting by Vehumet.
 11476 | D:10     | Reached XP level 11. HP: 54/54 MP: 18/29
 12139 | D:10     | Learned a level 4 spell: Fulminant Prism
 12244 | D:11     | Found a stormy altar of Qazlal.
 12249 | D:11     | Reached skill level 10 in Dodging
 12499 | D:11     | Reached skill level 13 in Spellcasting
 13632 | D:11     | Learned a level 4 spell: Iskenderun's Mystic Blast
 13832 | D:12     | Noticed a two-headed ogre
 13840 | D:12     | Killed a two-headed ogre
 13921 | D:12     | Offered knowledge of Hailstorm by Vehumet.
 14210 | D:12     | Reached *** piety under Vehumet
 14277 | D:12     | Found a staircase to the Orcish Mines.
 14556 | Orc:1    | Entered Level 1 of the Orcish Mines
 14556 | Orc:1    | Noticed an orc knight
 14556 | Orc:1    | Noticed an orc sorcerer
 14563 | D:12     | Killed an orc knight
 14700 | Orc:1    | Killed an orc sorcerer
 15164 | Orc:2    | Entered Level 2 of the Orcish Mines
 15168 | Orc:2    | Offered knowledge of Olgreb's Toxic Radiance by Vehumet.
 15170 | Orc:2    | Noticed an orc knight
 15296 | Orc:2    | Found a staircase to the Elven Halls.
 15308 | Orc:2    | Reached skill level 14 in Spellcasting
 15317 | Orc:1    | Mangled by a saltling

Illustrated notes

Levels and vault maps discovered:
D:1:      dpeg_arrival_erosion, layout_loops_ring,
          hellmonk_ecumenical_altar_watching_god, minmay_heptomino_d4
D:2:      layout_basic, basic_altar, hex_tiny, uniq_terence, uniq_jessica
D:3:      layout_basic, amcnicky_altar_gilded
D:4:      cheibrodos_barr_body, layout_basic, ashenzari_conservatory_becter,
          nicolae_overflow_crystal_walls, mainiacjoe_overflow_brackets,
          minmay_goblin_outpost
D:5:      layout_rooms, tgw_kikubaaqudgha
D:6:      layout_loops_ring, old_standard_altar
D:7:      layout_basic, minmay_temple_entry_statues_pillars, skrybe_limestone_x,
          minmay_misc_feat_x, grunt_decor_cap, minmay_manual_mail
D:8:      layout_basic, minivault_14
D:9:      layout_cave_pools, nicolae_elyvilon_peaceful_grove, tgw_xom,
          lemuel_coloured_pillars_altar, mainiacjoe_overflow_small_starburst,
          nicolae_dithmenos_the_darkroom, kennysheep_mini,
          grunt_lair_entry_orc_guard_hut, chequers_serial_rivers_micro_d
D:10:     layout_layer_cave, kennysheep_flooded_box,
          minmay_misc_feat_four_crosses, corexii_hall_statues_l
D:11:     layout_loops_corners, nicolae_qazlal_scattered_showers
D:12:     layout_roguey, david_orc_4, hex_intersection
Temple:   nicolae_temple_two_arcs
Orc:1:    layout_caves
Orc:2:    hellmonk_orc_salted, layout_caves, serial_shops, shop, basic_altar

Skill      XL: |  1  2  3  4  5  6  7  8  9 10 11 |
---------------+----------------------------------+-----
Conjurations   | 2 3 4 5 7 9 10 11 | 11.5
Spellcasting   | 4 5 6 7 9 11 12 14 | 14.0
Fire Magic     | 4 5 6 8 9 10 11 | 11.9
Dodging        | 6 9 12 | 12.7
Stealth        | |  2.4

Action                     |  1- 3 |  4- 6 |  7- 9 | 10-12 || total
---------------------------+-------+-------+-------+-------++-------
  Melee: Unarmed           |     2 |       |       |       ||     2
         Whip              |     3 |     2 |       |       ||     5
   Cast: Foxfire           |    64 |    69 |   235 |   176 ||   544
         Scorch            |    21 |    67 |    62 |    73 ||   223
         Flame Wave        |       |       |     4 |    34 ||    38
         Fulminant Prism   |       |       |       |    11 ||    11
         Iskenderun's Myst |       |       |       |     1 ||     1
    Use: Scroll            |       |     5 |     5 |     1 ||    11
 Armour: Robe              |    18 |    23 |    31 |    51 ||   123
  Dodge: Dodged            |    18 |    18 |    33 |    93 ||   162

Table legend: (Time is in decaauts)
 A = Elapsed time spent in this place.
 B = Non-inter-level travel time spent in this place.
 C = Inter-level travel time spent in this place.
 D = Time resting spent in this place.
 E = Time spent auto-exploring this place.
 F = Levels seen in this place.
 G = Mean time per level.
                   A        B        C        D        E       F      G
               +--------+--------+--------+--------+--------+-----+--------+
         Total |  15334 |  15048 |    286 |   2214 |  10892 |  15 | 1022.3 |
       Dungeon |  14611 |  14335 |    276 |   1951 |  10548 |  12 | 1217.6 |
        Temple |     99 |     99 |      0 |     83 |      0 |   1 |   99.0 |
  Orcish Mines |    622 |    613 |      9 |    180 |    344 |   2 |  311.0 |
               +--------+--------+--------+--------+--------+-----+--------+

Top non-repeatable levels by time:
     D:4: 1632 daAuts
    D:10: 1599 daAuts
     D:9: 1533 daAuts
     D:1: 1475 daAuts
    D:11: 1449 daAuts
     D:2: 1305 daAuts
     D:3: 1146 daAuts
    D:12: 1021 daAuts
     D:7: 1012 daAuts
     D:6: 964 daAuts
     D:8: 739 daAuts
     D:5: 730 daAuts
   Orc:1: 596 daAuts
  Temple: 99 daAuts
   Orc:2: 26 daAuts
